Map: Kairos Junction LE

Players

HateMe

  • Race: Zerg Zerg
  • Spawn Location: 5:00

PappiJoe - Winner!

  • Race: Protoss Protoss
  • Spawn Location: 11:00

Event: 2019 WCS Summer

VOD

Have the link to the VOD?

Description

Time

  • Played on: July 12, 2019, 11:43 a.m.
  • Length: 15:43

All games in this series

Show
View Real Time Build Order
Export as new Build Order

HateMe Zerg 

Build Orders: Hatch First 

Get SALT Encoding   

  12  0:01  Drone  
  13  0:12  Overlord  
  13  0:17  Drone  
  14  0:30  Drone x2  
  16  0:48  Hatchery  
  15  0:51  Drone  
  15  0:54  Drone  
  17  0:58  Drone  
  18  1:09  Extractor  
  17  1:14  Spawning Pool  
  17  1:16  Drone  
  17  1:20  Drone  
  18  1:29  Drone  
  19  1:39  Drone  
  20  1:50  Overlord  
  20  2:00  Queen x2  
  24  2:01  Zergling x4  
  26  2:12  Drone x2  
  26  2:13  Metabolic Boost  
  28  2:21  Drone  
  29  2:26  Drone  
  30  2:35  Hatchery  
  29  2:38  Drone  
  29  2:39  Drone  
  29  2:43  Drone  
  32  2:51  Overlord  
  32  2:54  Drone x2  
  33  3:00  Queen  
  35  3:07  Overlord  
  35  3:12  Zergling x4  
  37  3:13  Drone x3  
  37  3:17  Drone x2  
  42  3:22  Drone  
  43  3:30  Drone, Spore Crawler  
  43  3:34  Drone x2  
  45  3:45  Spore Crawler  
  45  3:48  Drone x5  
  45  3:52  Lair  
  45  3:54  Roach Warren  
  48  3:57  Queen  
  48  3:58  Drone  
  48  4:02  Queen  
  52  4:05  Extractor x2  
  52  4:07  Drone x2  
  54  4:23  Overlord x2  
  55  4:24  Drone x2  
  56  4:35  Overlord x2  
  56  4:40  Overlord x2  
  56  4:51  Glial Reconstitution  
  56  4:53  Roach x2  
  56  4:54  Overseer  
  56  4:55  Roach x4  
  68  5:02  Roach x3  
  74  5:10  Roach x2  
  74  5:13  Overlord x2  
  78  5:17  Zergling x14  
  84  5:28  Roach  
  84  5:29  Roach  
  88  5:41  Drone x4  
  86  5:43  Drone  
  86  5:44  Drone x2  
  86  5:47  Drone x5  
  91  5:52  Drone  
  91  5:53  Drone  
  91  5:56  Drone x4  
  92  6:02  Evolution Chamber  
  91  6:05  Overlord  
  91  6:07  Overlord  
  90  6:22  Queen x3  
  90  6:23  Spore Crawler  
  95  6:25  Spore Crawler  
  95  6:29  Zergling x2  
  95  6:30  Zergling x10  
  92  6:42  Drone x8  
  92  6:44  Spore Crawler  
  94  6:52  Spore Crawler x2  
  91  6:56  Overlord  
  91  7:00  Roach x5  
  91  7:09  Roach x5  
  91  7:14  Roach x2  
  95  7:19  Roach x2  
  88  7:37  Queen x3  
  83  7:55  Drone x5  
  83  7:56  Drone x3  
  89  8:04  Spore Crawler  
  89  8:05  Drone x5  
  93  8:13  Queen x2  
  93  8:15  Spore Crawler  
  91  8:20  Queen  
  91  8:21  Drone  
  91  8:22  Drone x3  
  91  8:25  Spore Crawler  
  93  8:30  Spore Crawler  
  93  8:34  Roach x5  
  88  8:46  Roach x4  
  88  8:48  Drone, Queen x2  
  94  8:55  Drone x5  
  96  8:57  Drone  
  96  9:01  Drone  
  97  9:13  Queen  
  95  9:19  Spore Crawler  
  95  9:20  Spore Crawler  
  87  9:27  Queen  
  87  9:28  Queen  
  79  9:32  Drone x4  
  78  9:43  Drone x3  
  75  9:47  Drone  
  76  10:01  Drone x5  
  81  10:12  Queen x2  
  85  10:17  Queen  
  85  10:22  Drone  
  85  10:23  Drone x2  
  85  10:25  Drone x2  
  85  10:27  Drone  
  86  10:38  Infestation Pit  
  86  10:42  Spore Crawler  
  82  10:55  Drone x6, Hatchery  
  82  11:04  Drone x4  
  84  11:18  Pathogen Glands  
  80  11:21  Roach x4  
  88  11:31  Roach x4  
  96  11:46  Infestor  
  98  11:48  Overlord x2  
  98  11:54  Overlord x2  
  98  11:58  Hive  
  98  12:00  Zerg Melee Weapons Level 1  
  98  12:07  Infestor x3  
  104  12:14  Infestor x2  
  108  12:20  Drone  
  108  12:21  Drone x3  
  112  12:24  Overseer  
  100  12:39  Drone x8  
  106  12:47  Drone x3  
  108  12:55  Drone x3  
  108  13:02  Drone  
  109  13:11  Drone x3  
  108  13:18  Drone x2  
  108  13:19  Drone  
  108  13:25  Drone x3  
  111  13:30  Drone  
  111  13:32  Drone x3  
  115  13:38  Drone x4  
  119  13:47  Overseer  
  119  13:49  Roach  
  119  13:50  Roach x3  
  127  14:02  Roach x4  
  135  14:14  Hatchery  
  134  14:19  Infestor  
  134  14:21  Overlord x3  
  134  14:24  Extractor x2  
  135  14:29  Overlord x2  
  134  14:32  Ravager x2  
  136  14:40  Roach  
  136  14:41  Roach x9  
  142  14:47  Roach x3  
  132  14:53  Roach x2  
  132  14:58  Roach x2  
  122  15:02  Roach  
  122  15:04  Roach  
  122  15:11  Roach x2  
  110  15:15  Zergling x2, Roach  
  110  15:16  Zergling x6  
  96  15:22  Roach x2  
Show
View Real Time Build Order
Export as new Build Order

PappiJoe Protoss - Winner!

Build Orders: 1 Gate Expand, Phoenix Opening, Mass Phoenix 

Get SALT Encoding   

  12  0:00  Probe  
  13  0:12  Probe  
  14  0:18  Pylon  
  14  0:24  Probe  
  15  0:32  Probe  
  15  0:41  Probe, Gateway  
  16  0:48  Assimilator  
  17  0:51  Probe  
  18  1:03  Probe  
  19  1:15  Probe  
  20  1:25  Nexus  
  20  1:37  Probe, Cybernetics Core  
  21  1:43  Assimilator  
  21  1:50  Probe  
  21  1:53  Pylon  
  22  2:02  Probe  
  22  2:04  Adept  
  23  2:10  Probe  
  23  2:15  Warp Gate  
  26  2:18  Probe  
  27  2:26  Twilight Council  
  27  2:28  Probe  
  28  2:37  Probe  
  28  2:39  Stalker  
  28  2:40  Probe  
  32  2:49  Probe  
  33  2:52  Probe  
  33  2:58  Probe  
  34  2:59  Stargate  
  34  3:04  Probe  
  36  3:06  Probe  
  36  3:09  Adept  
  39  3:14  Pylon  
  39  3:15  Probe  
  39  3:16  Probe  
  41  3:22  Assimilator  
  41  3:24  Assimilator  
  41  3:26  Resonating Glaives  
  41  3:28  Probe  
  41  3:30  Probe  
  43  3:39  Gateway  
  43  3:40  Probe  
  44  3:44  Probe  
  44  3:47  Gateway  
  43  3:48  Probe  
  43  3:49  Phoenix  
  43  3:54  Probe  
  46  3:56  Probe  
  46  3:58  Pylon  
  48  4:04  Probe  
  48  4:07  Probe  
  50  4:13  Pylon  
  50  4:15  Phoenix  
  52  4:18  Stargate  
  52  4:26  Adept  
  54  4:31  Pylon  
  54  4:37  Adept  
  56  4:41  Adept  
  58  4:46  Phoenix  
  58  4:48  Adept  
  58  4:52  Pylon  
  62  4:59  Adept  
  64  5:02  Adept  
  64  5:03  Phoenix  
  64  5:06  Phoenix  
  66  5:10  Adept  
  72  5:20  Gateway x2  
  72  5:22  Phoenix  
  72  5:24  Pylon  
  72  5:27  Phoenix  
  74  5:35  Dark Shrine  
  76  5:41  Phoenix  
  70  5:44  Phoenix  
  70  5:46  Shield Battery  
  70  5:49  Shield Battery  
  64  6:00  Adept x3  
  64  6:02  Phoenix  
  72  6:12  Probe x2  
  72  6:16  Adept x2  
  78  6:18  Phoenix  
  78  6:22  Pylon  
  80  6:30  Phoenix  
  82  6:36  Adept x4  
  89  6:40  Probe x2  
  91  6:49  Pylon  
  91  6:52  Pylon  
  91  6:53  Pylon  
  91  6:54  Phoenix  
  93  7:07  Phoenix  
  93  7:19  Phoenix  
  93  7:29  Adept x2  
  91  7:30  Adept x3  
  91  7:32  Phoenix  
  87  7:46  Phoenix  
  87  7:52  Phoenix  
  85  7:59  Pylon  
  85  8:00  Nexus  
  85  8:02  Phoenix  
  85  8:04  Adept x3  
  85  8:05  Adept  
  95  8:13  Phoenix  
  95  8:27  Phoenix  
  95  8:38  Phoenix  
  87  8:42  Probe  
  87  8:47  Adept x2  
  87  8:48  Adept x3  
  96  8:59  Phoenix  
  96  9:04  Pylon  
  96  9:07  Phoenix  
  96  9:24  Phoenix  
  98  9:30  Phoenix  
  84  9:40  Phoenix  
  76  9:46  Adept  
  76  9:47  Adept x4, Phoenix  
  76  9:48  Probe x3  
  91  9:54  Assimilator  
  91  10:00  Probe  
  91  10:04  Phoenix  
  94  10:11  Protoss Air Weapons Level 1  
  94  10:13  Phoenix  
  96  10:22  Phoenix  
  90  10:31  Phoenix  
  90  10:32  Pylon  
  92  10:39  Assimilator  
  92  10:41  Pylon  
  94  10:44  Phoenix  
  94  10:59  Zealot x2  
  94  11:06  Dark Templar  
  94  11:09  Phoenix  
  95  11:13  Probe x3  
  95  11:15  Phoenix  
  98  11:20  Forge  
  98  11:22  Shield Battery  
  98  11:25  Probe x3  
  100  11:28  Robotics Facility  
  101  11:34  Phoenix  
  103  11:40  Phoenix  
  103  11:47  Robotics Facility  
  101  11:54  Dark Templar  
  101  11:56  Probe  
  101  11:57  Probe  
  101  11:59  Phoenix  
  107  12:05  Phoenix  
  107  12:06  Protoss Ground Weapons Level 1  
  107  12:07  Nexus  
  109  12:12  Immortal  
  109  12:22  Immortal  
  111  12:24  Photon Cannon  
  109  12:40  Immortal  
  105  12:51  Probe, Pylon  
  105  12:53  Immortal  
  105  12:55  Assimilator, Dark Templar x2  
  118  13:09  Immortal  
  118  13:19  Dark Templar  
  118  13:24  Dark Templar  
  120  13:27  Observer  
  120  13:28  Archon x2  
  120  13:29  Archon  
  121  13:35  Gateway  
  121  13:36  Gateway  
  121  13:37  Photon Cannon  
  121  13:39  Gateway  
  121  13:40  Zealot  
  123  13:45  Probe  
  123  13:46  Probe x2  
  126  13:49  Warp Prism  
  126  13:50  Sentry  
  126  13:51  Sentry  
  126  13:55  Charge, Sentry  
  132  13:56  Sentry  
  136  14:03  Immortal  
  136  14:04  Probe x2  
  142  14:17  Probe x2  
  144  14:25  Sentry x2  
  144  14:27  Stalker x2  
  152  14:34  Sentry x2  
  152  14:35  Stalker  
  132  14:54  Zealot x5  
  118  15:14  Zealot x5  
  118  15:15  Zealot x3  
Tags
 
Add a new tag
Caveats
  • Supply blocks, unpowered buildings, or Contaminate may cause inaccurate times.
  • Supply counts are checked every 10 seconds.